 Dungeon Crawl Stone Soup version 0.26.1-11-gd32895ea62 (webtiles) character file.

Game seed: 4809843105009992856

54 Zeld the Twirler (level 3, 3/24 HPs)
             Began as an Octopode Gladiator on May 21, 2021.
             Quit the game on level 2 of the Dungeon.
             The game lasted 00:02:07 (1840 turns).

Zeld the Twirler (Octopode Gladiator)               Turns: 1840, Time: 00:02:08

Health: 3/24       AC:  1    Str: 13    XL:     3   Next: 91%
Magic:  3/3        EV: 14    Int: 10    God:
Gold:   75         SH:  0    Dex: 14    Spells: 2/2 levels left

rFire    . . .     SeeInvis .   a - +0 quarterstaff
rCold    . . .     Faith    .   (shield currently unavailable)
rNeg     . . .     Spirit   .   b - +0 hat
rPois    .         Reflect  .   (no amulet)
rElec    .         Harm     .   (no ring)
rCorr    .         Rampage  .   (no ring)
Will     .....                  (no ring)
Stlth    ++........             (no ring)
HPRegen  0.08/turn              (no ring)
MPRegen  0.08/turn              (no ring)
                                (no ring)
                                (no ring)

@: lethally poisoned (3 -> -8)
A: almost no armour, stealthy swim, amphibious, 8 rings, constrict 8, camouflage
1, gelatinous body 1
a: no special abilities


You were on level 2 of the Dungeon.
You visited 1 branch of the dungeon, and saw 2 of its levels.

You collected 75 gold pieces.

Inventory:

Hand Weapons
 a - a +0 quarterstaff (weapon)
Missiles
 c - 3 throwing nets (quivered)
Armour
 b - a +0 hat (worn)
Jewellery
 e - an uncursed ring of resist corrosion {unknown}
 f - an uncursed ring of wizardry {unknown}
Scrolls
 g - a scroll of teleportation {unknown}
 h - a scroll of amnesia {unknown}
Potions
 d - a potion of magic {unknown}
 i - a potion of heal wounds {unknown}


   Skills:
 - Level 2.0 Fighting
 * Level 4.7 Staves
 - Level 2.0 Throwing
 - Level 3.0 Dodging


You had 2 spell levels left.
You didn't know any spells.
Your spell library was empty.

Dungeon Overview and Level Annotations

Branches:
Dungeon (2/15)

Altars:


Innate Abilities, Weirdness & Mutations

You cannot wear most types of armour.
You are very stealthy in the water. (Stealth+)
You are amphibious.
You can wear up to eight rings at the same time.
You can use your tentacles to constrict eight enemies at once.
Your skin changes colour to match your surroundings (Stealth+).
Your rubbery body absorbs attacks. (AC +1, EV +1)


Message History

An adder and a goblin come into view.
Found a stone staircase leading up.
There is an open door here.
The goblin shouts!
The adder hisses angrily.
The adder bites you.
You are poisoned.
The adder poisons you!
You feel sick. The goblin hits you with a +0 club.
You closely miss the adder. Your grab misses the adder.
You feel sick. The adder bites you.
You are lethally poisoned!
The adder poisons you! The goblin hits you with a +0 club.
* * * LOW HITPOINT WARNING * * *
The adder bites you.
* * * LOW HITPOINT WARNING * * *
* * * LOW HITPOINT WARNING * * *
You feel sick. The goblin barely misses you.
Unknown command.
Okay, then.
Are you sure you want to abandon this character and quit the game? (Confirm with "yes".)

...................
......###.####....#
...............##
................#
######.####'####.#
#.#.......# #
#.8...8.# #...gS..#
#.8..@8.# #.......#
#.8...8.# #...<...#
#########


You could see an adder and a goblin.

Vanquished Creatures
  An adder (D:2)
  A shadow imp (D:2)
  2 dart slugs (D:1)
  2 leopard geckos
  3 goblins
  4 hobgoblins (D:1)
  7 jackals
  2 kobolds (D:1)
  3 bats
  6 rats
31 creatures vanquished.

Vanquished Creatures (others)
  9 plants (D:1)
9 creatures vanquished.

Grand Total: 40 creatures vanquished

Notes
Turn   | Place    | Note
-------+----------+-------------------------------------------
     0 | D:1      | Zeld the Octopode Gladiator began the quest for the Orb.
     0 | D:1      | Reached XP level 1. HP: 14/14 MP: 1/1
   219 | D:1      | Reached XP level 2. HP: 7/19 MP: 2/2
  1196 | D:1      | Reached skill level 4 in Staves
  1264 | D:1      | Reached XP level 3. HP: 22/24 MP: 3/3
  1840 | D:2      | Quit the game

Illustrated notes

Levels and vault maps discovered:
D:1:      lightli_arrival_flooded_house, layout_basic, serial_bayou_lagoon_a
D:2:      layout_rooms, grunt_ministairs_3, eino_tiny_chamber

Skill      XL: |  1  2 |
---------------+-------+-----
Staves         | 4 |  4.7
Fighting       | |  2.0
Throwing       | |  2.0
Dodging        | |  3.0

Action                   || total
-------------------------++-------
Melee: Quarterstaff      ||    56
       Constrict         ||    17
       Tentacles         ||    10
 Stab: Sleeping          ||     1
Armor: Skin              ||     3
Dodge: Dodged            ||    32
